 Dungeon Crawl Stone Soup version 0.31-a0-1068-g5939ac1fb6 (webtiles) character file.

Game seed: 5602837812812899860

298 Apprentice the Chopper (level 6, -13/5 HPs)
             Began as a Minotaur Berserker on Nov 24, 2023.
             Was a Believer of Trog.
             Mangled by a wight
             ... wielding a +4 falchion
              (18 damage)
             ... on level 3 of the Dungeon.
             The game lasted 00:12:32 (2859 turns).

Apprentice the Chopper (Minotaur Berserker)         Turns: 2859, Time: 00:12:32

Health: -13/5      AC:  1    Str: 23    XL:     6   Next: 13%
Magic:  5/5        EV: 12    Int:  4    God:    Trog [**....]
Gold:   110        SH:  3    Dex: 10    Spells: 5/5 levels left

rFire   . . .        a - +0 hand axe
rCold   . . .        m - +0 buckler
rNeg    . . .        j - melded +0 ring mail
rPois   .            (helmet restricted)
rElec   .            (no cloak)
rCorr   .            e - +0 pair of gloves
SInv    .            (no boots)
Will    .....        (no amulet)
Stlth   +            (no ring)
HPRegen 0.20/turn    (no ring)
MPRegen 0.09/turn

%: no passive effects
@: maw-form
A: devouring maw, reduced hp, horns 2, retaliatory headbutt
a: Begin Untransformation, Renounce Religion, Berserk, Trog's Hand


You were on level 3 of the Dungeon.
You worshipped Trog.
Trog was pleased with you.
You were a creature with a mouth for a stomach.
You visited 1 branch of the dungeon, and saw 3 of its levels.

You collected 110 gold pieces.

Inventory:

Hand Weapons
 a - a +0 hand axe (weapon)
 n - a +0 falchion
Missiles
 l - 2 poisoned darts
Armour
 b - a +0 animal skin
 d - a +0 leather armour
 e - a +0 pair of gloves (worn)
 g - a scarf of resistance
 j - a +0 ring mail (melded)
 m - a +0 buckler (worn)
Jewellery
 o - a ring of magical power
 p - a ring of ice
Talismans
 c - a maw talisman (active)
Scrolls
 i - 2 scrolls of vulnerability {unknown}
Potions
 f - a potion of magic {unknown}
 h - a potion of attraction
 k - a potion of might
 q - a potion of curing {unknown}


   Skills:
 + Level 4.8 Fighting
 + Level 6.3 Axes
 + Level 4.2 Armour
 + Level 2.8 Dodging
 + Level 0.2 Stealth
 + Level 0.6 Shields


You had 5 spell levels left.
You didn't know any spells.
Your spell library was empty.

Dungeon Overview and Level Annotations

Branches:
Dungeon (3/15)

Altars:
Okawaru
Sif Muna


Innate Abilities, Weirdness & Mutations

You are a creature with a mouth for a stomach.
Your midsection houses a second, enormous mouth.
Your maximum health is decreased, since you lack skill for your form.
You have a pair of horns on your head.
You reflexively headbutt those who attack you in melee.


Message History

The wight is lightly damaged.
You block the wight's attack.
You closely miss the wight. Your headbutt misses the wight.
The wight is lightly damaged.
The wight closely misses you.
You barely miss the wight. You headbutt the wight.
The wight is moderately damaged.
The wight misses you.
You hit the wight but do no damage. You headbutt the wight.
The wight is heavily damaged.
The wight hits you with a +0 dire flail!
You hit the wight.
The wight is severely damaged.
The wight hits you with a +0 dire flail.
You slash the wight!
You destroy the wight!
Trog accepts your kill.
You have reached level 6!
You start resting.
HP restored.
A wight comes into view. It is wielding a +4 falchion.
The wight moves out of view.
Things that are here:
a +0 dire flail; a +0 robe 2 wights come into view.
Things that are here:
a +0 dire flail; a +0 robe
There are monsters nearby!
You begin transforming.
You continue transforming.
The wight hits you with a +4 falchion!
You continue transforming.
You block the wight's attack.
You continue transforming.
You block the wight's attack. x2
You turn into a creature with a mouth for a stomach.
Your +0 ring mail melds into your body.
You closely miss the wight. You bite the wight, but do no damage.
You completely miss the wight. The wight hits you with a +4 falchion!!
Ouch! That really hurt!
You die...

#.....z.. . ####### #.....# .
#>....####.# . #.#.....##)#
#...#.#.##.# #..........##
#.....#...z.#
##.......zz.###############
#######.##..W..............#.
#.........###..##########....
#.......#.###..÷.....# ####.
#..........###÷#####.# ##
#######.#..#...#####.## #.
###..)...#.####.†)..######.
#...#.##.#.# #.###.##...†.
###...#....#.# #.###.##.....
#.....###..#.####.#..........


You could see 3 wights.

Vanquished Creatures
  A phantom (D:3)
  A wight (D:3)
  Jessica (D:2)
  Terence (D:3)
  An iguana (D:3)
  3 adders
  A worm (D:3)
  4 dart slugs
  An orc (D:3)
  6 ball pythons
  4 endoplasms
  A giant cockroach (D:1)
  5 goblins
  5 hobgoblins
  5 kobolds
  7 quokkas
  6 bats
  4 frilled lizards
  6 rats
63 creatures vanquished.

Notes
Turn   | Place    | Note
-------+----------+-------------------------------------------
     0 | D:1      | Apprentice the Minotaur Berserker began the quest for the
                  | Orb.
     0 | D:1      | Reached XP level 1. HP: 19/19 MP: 0/0
   362 | D:1      | Reached XP level 2. HP: 25/27 MP: 1/1
   635 | D:1      | Reached skill level 4 in Axes
  1097 | D:2      | Reached XP level 3. HP: 32/34 MP: 2/2
  1175 | D:2      | Found a faded altar of an unknown god.
  1330 | D:2      | Found a shimmering blue altar of Sif Muna.
  1347 | D:2      | Reached ** piety under Trog
  1658 | D:2      | Noticed Jessica
  1673 | D:2      | Killed Jessica
  1674 | D:2      | Reached skill level 5 in Axes
  1674 | D:2      | Reached XP level 4. HP: 40/41 MP: 3/3
  2229 | D:3      | Found an iron altar of Okawaru.
  2463 | D:3      | Noticed Terence
  2470 | D:3      | Killed Terence
  2471 | D:3      | Reached XP level 5. HP: 47/47 MP: 4/4
  2614 | D:3      | Noticed a phantom
  2637 | D:3      | Killed a phantom
  2638 | D:3      | Reached skill level 6 in Axes
  2750 | D:3      | Reached XP level 6. HP: 27/55 MP: 5/5
  2859 | D:3      | Mangled by a wight

Illustrated notes

Levels and vault maps discovered:
D:1:      tekkud_arrival_beachfront_property, layout_basic, serial_corexii_hall,
          corexii_hall_statues_i, chequers_hall_statues_y,
          corexii_hall_statues_t, chequers_hall_statues_y
D:2:      layout_loops_cross, ebering_ecumenical_altar_petrified, basic_altar,
          uniq_jessica
D:3:      layout_basic, hellmonk_okawaru_the_only_friend_you_need,
          grunt_ministairs_13, uniq_terence

Skill      XL: |  1  2  3  4  5 |
---------------+----------------+-----
Fighting       | 4 |  4.8
Axes           | 4 5 6 |  6.3
Armour         | 3 4 |  4.2
Dodging        | |  2.8
Stealth        | |  0.2
Shields        | |  0.6

Action                     |  1- 3 |  4- 6 || total
---------------------------+-------+-------++-------
  Melee: Hand axe          |    93 |    74 ||   167
         Headbutt          |     5 |    16 ||    21
         Maw               |       |     1 ||     1
 Invoke: Trog's Hand       |     1 |     1 ||     2
         Berserk           |       |     1 ||     1
    Use: Scroll            |     1 |     4 ||     5
 Armour: Leather armour    |    10 |       ||    10
         Animal skin       |     1 |       ||     1
         Ring mail         |    43 |    45 ||    88
         Skin              |       |     1 ||     1
  Dodge: Dodged            |    55 |    35 ||    90
  Block: Buckler           |     6 |    14 ||    20
   Form: Maw               |       |     1 ||     1

Table legend: (Time is in decaauts)
 A = Elapsed time spent in this place.
 B = Non-inter-level travel time spent in this place.
 C = Inter-level travel time spent in this place.
 D = Time resting spent in this place.
 E = Time spent auto-exploring this place.
 F = Levels seen in this place.
 G = Mean time per level.
                   A        B        C        D        E       F      G
               +--------+--------+--------+--------+--------+-----+--------+
         Total |   2885 |   2885 |      0 |    487 |   1581 |   3 |  961.7 |
       Dungeon |   2885 |   2885 |      0 |    487 |   1581 |   3 |  961.7 |
               +--------+--------+--------+--------+--------+-----+--------+

Top non-repeatable levels by time:
     D:1: 1089 daAuts
     D:2: 1053 daAuts
     D:3: 742 daAuts
